 Dungeon Crawl Stone Soup version 0.28-a0-472-g50180c0d78 (webtiles) character file.

Game seed: 7020789768204358348

175405 MacCMillion the Spry (level 18, -10/232 HPs)
             Began as a Merfolk Fighter on Sept 14, 2021.
             Was a High Priest of Trog.
             Killed from afar by a nagaraja (21 damage)
             ... with a bolt of poison
             ... on level 2 of the Snake Pit on Sept 15, 2021.
             The game lasted 02:35:40 (48794 turns).

MacCMillion the Spry (Merfolk Fighter)             Turns: 48794, Time: 02:35:40

Health: -10/232    AC: 24    Str: 31    XL:     18   Next: 9%
Magic:  3/18       EV: 20    Int:  6    God:    Trog [*****.]
Gold:   999        SH: 13    Dex: 14    Spells: 17/17 levels left

rFire   . . .      SeeInvis .   G - +10 quick blade "Vyptot" {flame, rF- Str+8 Int-2}
rCold   + . .      Faith    .   Y - +0 kite shield
rNeg    . . .      Spirit   .   d - +5 ring mail of the Insatiable Queens {rElec}
rPois   .          Reflect  .   B - +0 helmet "Sugyg" {rC+}
rElec   +          Harm     .   m - +2 cloak
rCorr   .          Rampage  .   w - +2 pair of gloves
Will    +....                   Z - +0 pair of boots
Stlth   ..........              (no amulet)
HPRegen 0.48/turn               y - ring of Kikubaaqudgha's Pride {rF+ Slay+4}
MPRegen 0.16/turn               j - +4 ring of protection

@: berserking, lethally poisoned (-10 -> -40), very quick
A: (nimble swimmer 2), mertail
a: Renounce Religion, Berserk, Trog's Hand, Brothers in Arms


You were on level 2 of the Snake Pit.
You worshipped Trog.
Trog was extremely pleased with you.
You visited 4 branches of the dungeon, and saw 26 of its levels.
You also visited: Bailey and Ice Cave.

You collected 4020 gold pieces.
You spent 3021 gold pieces at shops.

Inventory:

Hand Weapons
 b - a +6 antimagic rapier
 g - a +6 vorpal quick blade
 C - a +3 rapier of holy wrath
 G - the +10 quick blade "Vyptot" (weapon) {flame, rF- Str+8 Int-2}
   (You acquired it on level 14 of the Dungeon)

   It burns those it strikes, dealing additional fire damage.
   Str:       It affects your strength (+8).
   Int:       It affects your intelligence (-2).
   rF:        It makes you vulnerable to fire.
Armour
 a - the +8 chain mail of Nakloc {rF+ Str+4}
   (You bought it in a shop on level 3 of the Dungeon)

   Str:       It affects your strength (+4).
   rF:        It protects you from fire.
 d - the +5 ring mail of the Insatiable Queens (worn) {rElec}
   (You found it on level 6 of the Dungeon)

   rElec:     It insulates you from electricity.
 m - a +2 cloak (worn)
 n - a +1 leather armour of poison resistance
 w - a +2 pair of gloves (worn)
 z - a +0 chain mail of cold resistance
 B - the +0 helmet "Sugyg" (worn) {rC+}
   (You took it off Robin on level 4 of the Dungeon)

   rC:        It protects you from cold.
 K - the +5 ring mail of Resonance {rC+ Int+4}
   (You found it on level 2 of the Snake Pit)

   Int:       It affects your intelligence (+4).
   rC:        It protects you from cold.
 Y - a +0 kite shield (worn)
 Z - a +0 pair of boots (worn)
Jewellery
 j - a +4 ring of protection (right hand)
 o - a ring of see invisible
 v - a ring of willpower
 y - the ring of Kikubaaqudgha's Pride (left hand) {rF+ Slay+4}
   (You bought it in a shop on level 2 of the Orcish Mines)

   [ring of slaying]

   Slay:      It affects your accuracy & damage with ranged weapons and melee
   (+4).
   rF:        It protects you from fire.
 F - a ring of resist corrosion
 H - the ring of Uskayaw's Delight {Str+6 Stlth+}
   (You found it on level 7 of the Dungeon)

   [ring of strength]

   Str:       It affects your strength (+6).
   Stlth:     It makes you more stealthy.
 O - a ring of protection from cold
Wands
 c - a wand of charming (11)
 l - a wand of mindburst (11)
 p - a wand of polymorph (5)
 t - a wand of flame (56)
 x - a wand of acid (25)
 E - a wand of digging (13)
 J - a wand of iceblast (40)
Scrolls
 e - 4 scrolls of fear
 f - 7 scrolls of teleportation
 h - 3 scrolls of silence
 r - 2 scrolls of blinking
 s - a scroll of brand weapon {unknown}
 u - 2 scrolls of enchant weapon {unknown}
 A - a scroll of holy word
 D - 4 scrolls of immolation
 N - 3 scrolls of enchant armour
 V - a scroll of noise {unknown}
 W - 2 scrolls of magic mapping
Potions
 i - 3 potions of lignification
 k - a potion of curing
 q - 2 potions of berserk rage
 I - 3 potions of attraction
 L - 2 potions of degeneration {unknown}
 M - 5 potions of heal wounds
 P - a potion of haste
 Q - a potion of resistance {unknown}
 T - 3 potions of cancellation
 U - a potion of might
 X - a potion of ambrosia {unknown}


   Skills:
 - Level 17.2 Fighting
 - Level 14.0 Short Blades
 - Level 10.0 Polearms
 - Level 7.0 Armour
 + Level 18.9 Dodging
 - Level 15.0 Shields
 + Level 11.8 Evocations


You had 17 spell levels left.
You didn't know any spells.
Your spell library was empty.

Dungeon Overview and Level Annotations

Branches:
Dungeon (15/15)            Temple (0/1) D:4            Lair (6/6) D:8
  Swamp (0/4) Lair:4        Snake (3/4) Lair:4        Slime (0/5) Lair:5
    Orc (2/2) D:10            Elf (0/3) Orc:2        Vaults (0/5) D:13
 Depths (0/5) D:15         Bailey (visited)           IceCv (visited)

Altars:
Dithmenos
Fedhas
Gozag
Hepliaklqana
Kikubaaqudgha
Makhleb
Qazlal
Ru
Sif Muna
Trog
Uskayaw
Vehumet
Wu Jian
Beogh

Shops:
D:3 [   D:6 **   Orc:2 [((=

Portals:
Trove: D:11 (show slimy rune of Zot)

Annotations:
D:12 Frances
Snake:3 Azrael


Innate Abilities, Weirdness & Mutations

((You are quick and stealthy near water. (Stealth+, EV+, Speed+++)))
Your lower body shifts to a powerful aquatic tail in water.


Message History

You puncture the black mamba! You burn the black mamba.
The black mamba is severely wounded.
You feel sick. The black mamba closely misses you.
The nagaraja gestures at you while chanting.
The bolt of poison misses you.
The guardian serpent hits you but does no damage.
You impale the black mamba!! You burn the black mamba.
You kill the black mamba!
Trog accepts your kill.
You feel sick.
You puncture the guardian serpent! You burn the guardian serpent.
The guardian serpent is heavily wounded.
You puncture the guardian serpent! You burn the guardian serpent.
The guardian serpent is severely wounded.
You feel sick.
You puncture the guardian serpent! You burn the guardian serpent.
You kill the guardian serpent!
Trog accepts your kill.
Trog appreciates your killing of a magic user.
You puncture the nagaraja! You burn the nagaraja.
The nagaraja is lightly wounded.
You feel sick. The nagaraja casts a spell at you. The poison arrow misses you.
You puncture the nagaraja! You burn the nagaraja.
The nagaraja is moderately wounded.
You feel sick.
You hit the nagaraja. You burn the nagaraja.
The nagaraja is moderately wounded.
You impale the nagaraja!! You burn the nagaraja!
The nagaraja is severely wounded.
You feel sick.
You puncture the nagaraja! You burn the nagaraja.
The nagaraja is almost dead.
You closely miss the nagaraja.
The nagaraja is almost dead.
The nagaraja gestures at you while chanting.
The bolt of poison hits you!!
You are lethally poisoned!
You die...

[..##.......#
............##
##.......#...#
##.......#...######
#......##...##...#
#....#.##...##...#
#....#..##.###...###
##..####.##.####....#
###.## #.).....)@†..#
.##..# ###.#...N>...#
...#.#####.##.#...###
.#.#..##..........#
##......)..##.#####
...........##.#
##..........#.#
##............#
####.......#..#


You could see a nagaraja (catching breath).

Vanquished Creatures
  Mlioglotl (Snake:1)
  Jorgrun (D:13)
  Gastronok (D:9)
  3 nagarajas
  A frost giant (IceCv)
  An orc warlord (Orc:1)
  Aizul (Snake:1)
  2 ice dragons
  3 naga warriors
  4 hydras
  4 catoblepae
  Fannar (D:12)
  6 centaur warriors
  4 boulder beetles (D:14)
  4 anacondas
  2 two-headed ogres
  A vampire mage (D:15)
  18 death yaks
  4 tengu warriors
  4 shock serpents
  2 orc high priests
  A storm dragon zombie (D:15)
  Sonja (D:11)
  2 naga sharpshooters
  Nergalle (D:10)
  2 skeletal warriors
  An iron troll (D:13)
  A salamander mystic (Snake:2)
  2 sea snakes (Snake:2)
  2 naga ritualists
  3 orc knights
  6 mana vipers
  A necromancer (D:15)
  A wizard (D:15)
  6 ugly things
  4 deep elf pyromancers
  3 salamanders
  A stone giant zombie (D:15)
  An oklob plant (Lair:4)
  8 cyclopes
  An orc sorcerer (Orc:2)
  4 manticores
  4 guardian serpents
  2 ice statues
  18 black mambas
  A gargoyle (D:6)
  2 naga magi
  An unseen horror (D:10)
  8 cane toads
  3 yaktaurs
  Psyche (D:8)
  A kobold demonologist (D:11)
  A spriggan zombie (D:15)
  A yaktaur (shapeshifter) (D:13)
  An efreet (D:13)
  A freezing wraith (D:15)
  2 rime drakes (Lair:6)
  8 komodo dragons
  9 trolls
  Prince Ribbit (D:7)
  9 polar bears
  24 blink frogs
  7 slime creatures
  5 dream sheep
  Sigmund (D:2)
  64 yaks
  An ice dragon skeleton (D:15)
  2 wraiths
  6 wyverns
  4 basilisks
  Eustachio (D:5)
  A death yak simulacrum (D:12)
  A steam dragon (D:9)
  Menkaure (D:7)
  9 vampire mosquitoes
  4 wargs
  10 nagas
  An acid dragon (D:11)
  11 water moccasins
  A sky beast (D:6)
  29 orc warriors
  9 ice beasts
  A necrophage (D:6)
  A black bear (Lair:6)
  2 ogres (D:10)
  5 centaurs
  17 wolves
  A kobold brigand (D:8)
  Blork the orc (D:5)
  7 bullfrogs
  A wyvern zombie (D:4)
  A two-headed ogre simulacrum (D:12)
  A cane toad simulacrum (D:12)
  2 scorpions
  9 killer bees
  6 wights
  6 electric eels
  A howler monkey (D:6)
  A bullfrog zombie (D:5)
  A bullfrog skeleton (D:5)
  A centaur skeleton (D:5)
  19 orc priests
  14 jellies
  3 iron imps (D:13)
  Ijyb (D:3)
  Jessica (D:2)
  3 iguanas
  18 orc wizards
  2 troll simulacra (D:12)
  A polar bear simulacrum (D:12)
  A spriggan simulacrum (D:12)
  A hound skeleton (D:4)
  2 howler monkey zombies
  Robin (D:4)
  16 gnolls
  A howler monkey skeleton (D:7)
  7 adders
  A naga simulacrum (D:12)
  2 shadow imps
  3 white imps
  5 ufetubi
  5 worms
  4 dart slugs
  89 orcs
  8 bats
  10 endoplasms
  7 giant cockroaches
  17 goblins
  15 hobgoblins
  4 jackals (D:1)
  22 kobolds
  6 quokkas
  7 ball pythons
  4 frilled lizards
  A quokka skeleton (D:4)
  8 rats
  A bush (Lair:4)
761 creatures vanquished.

Vanquished Creatures (collateral kills)
  2 nagarajas (Snake:2)
  Harold (D:8)
  A naga warrior (Snake:2)
  A naga ritualist (Snake:2)
  A mana viper (Snake:2)
  2 salamanders (Snake:2)
  3 naga magi (Snake:2)
  3 black mambas (Snake:2)
  2 nagas (Snake:2)
16 creatures vanquished.

Vanquished Creatures (others)
  A polar bear (IceCv)
  A yak (IceCv)
  3 wolves (IceCv)
  A bush (Lair:6)
  18 fungi
  63 plants
  10 withered plants (D:15)
97 creatures vanquished.

Grand Total: 874 creatures vanquished

Notes
Turn   | Place    | Note
-------+----------+-------------------------------------------
     0 | D:1      | MacCMillion the Merfolk Fighter began the quest for the
                  | Orb.
     0 | D:1      | Reached XP level 1. HP: 18/18 MP: 1/1
    54 | D:1      | Reached XP level 2. HP: 20/24 MP: 2/2
   193 | D:1      | Reached skill level 1 in Dodging
   288 | D:1      | Found a faded altar of an unknown god.
   314 | D:1      | Became a worshipper of Trog the Wrathful
   314 | D:1      | Reached * piety under Trog
   379 | D:1      | Reached XP level 3. HP: 27/29 MP: 3/3
  1267 | D:2      | Noticed Jessica
  1274 | D:2      | Killed Jessica
  1275 | D:2      | Reached XP level 4. HP: 30/37 MP: 4/4
  1287 | D:2      | Reached skill level 2 in Dodging
  1349 | D:2      | Reached ** piety under Trog
  1447 | D:2      | Noticed Sigmund
  2133 | D:3      | Noticed Ijyb
  2139 | D:3      | Killed Ijyb
  2140 | D:3      | Reached XP level 5. HP: 42/42 MP: 5/5
  2414 | D:3      | Found Ipsis's Antique Armour Boutique.
  2788 | D:4      | Reached skill level 3 in Dodging
  2791 | D:4      | Found a staircase to the Ecumenical Temple.
  2816 | D:4      | Reached skill level 5 in Polearms
  3284 | D:4      | Identified the +0 helmet "Sugyg" {rC+}
  3284 | D:4      | Noticed Robin
  3286 | D:4      | Reached XP level 6. HP: 49/49 MP: 6/6
  3332 | D:4      | Reached *** piety under Trog
  3339 | D:4      | Killed Robin
  3792 | D:4      | Reached skill level 4 in Dodging
  3933 | D:4      | Reached skill level 5 in Fighting
  3938 | D:4      | Reached XP level 7. HP: 22/56 MP: 7/7
  4311 | D:5      | Entered Level 5 of the Dungeon
  4392 | D:5      | Reached skill level 5 in Dodging
  4424 | D:5      | Noticed Eustachio
  4473 | D:5      | Killed Eustachio
  4820 | D:4      | Reached XP level 8. HP: 26/62 MP: 8/8
  5210 | D:5      | Reached skill level 10 in Polearms
  5402 | D:5      | Reached skill level 1 in Short Blades
  5439 | D:5      | Noticed Blork the orc
  5857 | D:6      | Reached skill level 5 in Short Blades
  5930 | D:6      | Noticed a gargoyle
  6174 | D:5      | Killed Blork the orc
  6174 | D:5      | Reached **** piety under Trog
  6175 | D:5      | Reached skill level 1 in Evocations
  6268 | D:6      | Found Xymudemp's General Store.
  6272 | D:6      | Found Egget's Specific Store.
  6281 | D:6      | Bought a scroll of identify for 22 gold pieces
  6281 | D:6      | Bought a scroll of identify for 22 gold pieces
  6434 | D:6      | Reached XP level 9. HP: 10/68 MP: 9/9
  6764 | D:6      | Identified the +5 ring mail of the Insatiable Queens
                  | {rElec}
  7564 | D:7      | Found a burning altar of Makhleb.
  7564 | D:7      | Found a hazy altar of Hepliaklqana.
  7592 | D:7      | Noticed Menkaure
  7600 | D:7      | Killed Menkaure
  7747 | D:7      | Noticed Prince Ribbit
  7766 | D:7      | Killed Prince Ribbit
  8193 | D:7      | Identified the ring of Uskayaw's Delight {Str+6 Stlth+}
  8292 | D:8      | Reached skill level 5 in Evocations
  8340 | D:8      | Noticed a hornet
  8351 | D:8      | Paralysed by a hornet for 2 turns
  8370 | D:8      | Found a runed translucent door.
  8920 | D:8      | Reached skill level 6 in Dodging
  8995 | D:8      | a hornet changed into a wyvern
  9203 | D:8      | Found a staircase to the Lair.
  9224 | D:8      | Found an ornate altar of the Wu Jian Council.
  9344 | D:8      | Noticed Psyche
  9526 | D:6      | Killed a gargoyle
  9527 | D:6      | Reached skill level 7 in Dodging
  9527 | D:6      | Reached XP level 10. HP: 77/77 MP: 10/10
  9800 | D:8      | Found a stormy altar of Qazlal.
 10552 | D:9      | Noticed Gastronok
 10570 | D:9      | Killed Gastronok
 10571 | D:9      | Reached skill level 10 in Short Blades
 10571 | D:9      | Reached skill level 8 in Dodging
 10649 | D:9      | Noticed a two-headed ogre
 10657 | D:9      | Killed a two-headed ogre
 10658 | D:9      | Reached skill level 9 in Dodging
 11222 | D:10     | Entered Level 10 of the Dungeon
 11223 | D:10     | Noticed a two-headed ogre
 11272 | D:10     | Found a flagged portal.
 11277 | Bailey   | Entered a bailey
 11339 | Bailey   | Reached ***** piety under Trog
 11839 | D:10     | Found a hide-covered altar of Uskayaw.
 11897 | D:10     | Found an ancient bone altar of Kikubaaqudgha.
 11903 | D:10     | Found a shimmering blue altar of Sif Muna.
 11905 | D:10     | Found a radiant altar of Vehumet.
 11971 | D:10     | Killed a two-headed ogre
 11972 | D:10     | Reached XP level 11. HP: 77/87 MP: 11/11
 12022 | D:10     | Found an opulent altar of Gozag.
 12039 | D:10     | Found a sacrificial altar of Ru.
 12089 | D:10     | Found a staircase to the Orcish Mines.
 12228 | D:10     | Reached skill level 10 in Dodging
 12980 | D:8      | Killed Psyche
 13038 | D:8      | Noticed Harold
 13049 | D:8      | Killed Harold
 13706 | D:6      | Found Xymudemp's General Store.
 13713 | D:6      | Found Egget's Specific Store.
 13915 | D:2      | Killed Sigmund
 14523 | D:3      | Bought a shiny ring mail for 133 gold pieces
 14523 | D:3      | Bought a distressingly furry chain mail for 180 gold pieces
 14523 | D:3      | Identified the +8 chain mail of Nakloc {rF+ Str+4} (You
                  | bought it in a shop on level 3 of the Dungeon)
 14731 | Lair:1   | Entered Level 1 of the Lair of Beasts
 14746 | Lair:1   | Reached skill level 5 in Shields
 15635 | Lair:1   | Reached skill level 10 in Fighting
 16167 | Lair:2   | Noticed an ice dragon
 16291 | Orc:1    | Entered Level 1 of the Orcish Mines
 16655 | D:11     | Noticed Sonja
 16670 | D:11     | Killed Sonja
 16887 | D:11     | Noticed a manticore
 16904 | D:11     | Killed a manticore
 16905 | D:11     | Reached XP level 12. HP: 94/97 MP: 12/12
 17453 | D:11     | Received a gift from Trog
 17833 | D:11     | Found a portal to a secret trove of treasure.
 17917 | D:12     | Found a frozen archway.
 17959 | IceCv    | Entered an ice cave
 18874 | IceCv    | Noticed a death yak
 18886 | IceCv    | Killed a death yak
 18970 | IceCv    | Identified a scroll of acquirement
 18970 | IceCv    | Acquired 1116 gold pieces
 19251 | IceCv    | Noticed a death yak
 19251 | IceCv    | Noticed a death yak
 19265 | IceCv    | Killed a death yak
 19266 | IceCv    | Noticed a death yak
 19275 | IceCv    | Killed a death yak
 19276 | IceCv    | Reached skill level 10 in Shields
 19287 | IceCv    | Killed a death yak
 19506 | IceCv    | Noticed a death yak
 19545 | IceCv    | Killed a death yak
 19548 | IceCv    | Reached XP level 13. HP: 84/103 MP: 13/13
 19691 | IceCv    | Noticed a frost giant
 19749 | IceCv    | Killed a frost giant
 20929 | D:12     | Noticed Frances
 21337 | Orc:1    | Noticed Nergalle
 21482 | D:10     | Received a gift from Trog
 21653 | D:10     | Killed Nergalle
 22364 | Orc:2    | Entered Level 2 of the Orcish Mines
 23079 | Orc:2    | Found Reot's Jewellery Boutique.
 23090 | Orc:2    | Bought an amulet of magic regeneration for 480 gold pieces
 23204 | Orc:2    | Found a staircase to the Elven Halls.
 23296 | Orc:2    | Noticed an orc warlord
 23357 | Orc:1    | Killed an orc warlord
 24151 | Orc:2    | Found Ullyr's Antique Weapon Emporium.
 24233 | Orc:2    | Found Uledwodarr's Antique Armour Shop.
 24451 | Orc:2    | Found Zycogg's Antique Weapon Boutique.
 24470 | Orc:2    | Bought a faintly humming ring mail for 207 gold pieces
 24470 | Orc:2    | Identified the +1 ring mail of Wrong Decisions {Fly Str+3
                  | Stlth+} (You bought it in a shop on level 2 of the Orcish
                  | Mines)
 24470 | Orc:2    | Bought a runed chain mail for 172 gold pieces
 24667 | Orc:2    | Reached ****** piety under Trog
 25040 | Lair:1   | Killed an ice dragon
 26122 | Lair:2   | Reached XP level 14. HP: 89/110 MP: 14/14
 26149 | Lair:2   | Identified the +7 rapier of Honesty {vorpal, *Rage rC-
                  | Str+7} (Trog gifted it to you on level 2 of the Lair of
                  | Beasts)
 26149 | Lair:2   | Received a gift from Trog
 26692 | Lair:2   | Acquired a manual of Fighting
 28343 | Lair:4   | Reached skill level 5 in Armour
 28806 | Lair:4   | Found a staircase to the Swamp.
 28815 | Lair:4   | Found a staircase to the Snake Pit.
 29024 | Lair:4   | Found a blossoming altar of Fedhas.
 30380 | Lair:5   | Found a staircase to the Slime Pits.
 31166 | Lair:6   | Entered Level 6 of the Lair of Beasts
 31349 | Lair:6   | Received a gift from Trog
 31350 | Lair:6   | Upgraded the game from 0.28-a0-464-g0687ed57fd to
                  | 0.28-a0-472-g50180c0d78
 33374 | Lair:6   | Reached XP level 15. HP: 124/124 MP: 15/15
 33749 | Lair:6   | Reached skill level 10 in Evocations
 35415 | D:12     | Identified the +2 flail of Conscience {vorpal, Drain rF+
                  | Str+7}
 35429 | D:12     | Noticed Fannar
 35485 | D:12     | Killed Fannar
 35625 | D:12     | Found a shadowy altar of Dithmenos.
 36086 | D:13     | Found a burning altar of Makhleb.
 36295 | D:13     | Reached skill level 11 in Dodging
 36913 | D:13     | Noticed Jorgrun
 36946 | D:13     | Killed Jorgrun
 37269 | D:13     | Reached skill level 15 in Fighting
 37269 | D:13     | Reached skill level 12 in Dodging
 37470 | D:13     | Found a gate to the Vaults.
 37600 | D:14     | Acquired the +10 quick blade "Vyptot" {flame, rF- Str+8
                  | Int-2}
 38215 | D:14     | Found an ancient bone altar of Kikubaaqudgha.
 38481 | D:14     | Reached skill level 15 in Shields
 38807 | D:14     | Reached skill level 13 in Dodging
 39579 | D:15     | Entered Level 15 of the Dungeon
 39842 | D:14     | Reached skill level 14 in Dodging
 40063 | D:15     | Received a gift from Trog
 40202 | D:15     | Reached XP level 16. HP: 138/139 MP: 5/16
 40581 | D:15     | Found a staircase to the Depths.
 40592 | D:15     | Reached skill level 15 in Dodging
 41674 | Snake:1  | Entered Level 1 of the Snake Pit
 41810 | Snake:1  | Identified the +7 dagger of the Warrior {pain, Dex+3 SInv}
 41907 | Snake:1  | You fall into a shaft and drop 1 floor!
 41922 | Snake:2  | Noticed a nagaraja
 41937 | Snake:2  | Reached skill level 16 in Dodging
 41943 | Snake:2  | Killed a nagaraja
 41946 | Snake:2  | Noticed a nagaraja
 41950 | Snake:2  | Killed a nagaraja
 42859 | Orc:2    | Bought a runed scale mail for 161 gold pieces
 42861 | Orc:2    | Bought a pair of runed gloves for 172 gold pieces
 44392 | Snake:1  | Noticed Aizul
 44416 | Snake:1  | Killed Aizul
 44616 | Snake:1  | Noticed Mlioglotl
 44656 | Snake:1  | Killed Mlioglotl
 44657 | Snake:1  | Reached skill level 17 in Dodging
 45980 | Orc:2    | Bought the ring of Kikubaaqudgha's Pride {rF+ Slay+4} for
                  | 1472 gold pieces
 46322 | Snake:2  | Identified the +5 ring mail of Resonance {rC+ Int+4}
 46491 | Snake:2  | Noticed a nagaraja
 46504 | Snake:2  | Killed a nagaraja
 46504 | Snake:2  | Received a gift from Trog
 47521 | Snake:2  | Reached skill level 18 in Dodging
 47521 | Snake:2  | Reached XP level 17. HP: 147/147 MP: 17/17
 47544 | Snake:3  | Identified the +1 ring mail of Slovenliness {rC+ Will-
                  | Stlth+}
 47550 | Snake:3  | Noticed Azrael
 48031 | Snake:3  | Reached XP level 18. HP: 113/155 MP: 6/18
 48790 | Snake:2  | HP: 11/232 [poisoned by a naga (splash of poison)]
 48794 | Snake:2  | Killed from afar by a nagaraja

Illustrated notes

Levels and vault maps discovered:
D:1:      ncdulo_lavacross, layout_basic, basic_ecumenical_altar, serial_glass,
          glass_columns_b, glass_columns_c
D:2:      minmay_evil_eye, layout_loops_ring, serial_glass, glass_columns_b,
          glass_columns_c, uniq_jessica, uniq_sigmund
D:3:      minmay_diamond_boxcup, layout_loops_ring, serial_shops,
          nicolae_shop_stone, hangedman_decor_peaks_small, uniq_ijyb
D:4:      layout_rooms, minmay_temple_entry_gardened_gates,
          corexii_leaking_fountain, minivault_24, uniq_robin
D:5:      layout_rooms, uniq_crazy_yiuf_cottage, uniq_blork_the_orc,
          uniq_eustachio
D:6:      layout_cave_pods, serial_park, serial_park_square3
          [serial_park_minivault_5x5_4], serial_park_fountain,
          serial_park_square3 [serial_park_minivault_5x5_8],
          minmay_misc_feat_diagonals, nicolae_specific_store, minivault_14
D:7:      layout_loops_cross, amethyst_overflow_temple_binary,
          uniq_prince_ribbit1, uniq_menkaure
D:8:      layout_loops_cross, mainiacjoe_overflow_brackets,
          lemuel_coloured_pillars_altar, dpeg_oklobed_lair,
          lightli_church_of_beogh, uniq_harold, uniq_psyche
D:9:      layout_basic, uniq_gastronok
D:10:     layout_big_octagon, grunt_temple_overflow_magic_moments,
          nicolae_ru_awakened_eye, chequers_temple_overflow_statue_of_worship,
          orc_0_dummy, enter_bailey_2
D:11:     layout_irregular_city, nicolae_trove_entry_diagonal, uniq_sonja
D:12:     layout_roguey, portal_ice_cave_entry_ice_simulacra,
          grunt_dithmenos_smoke, uniq_fannar, uniq_maurice, uniq_frances
D:13:     layout_roguey, david_vaults_4, demons_altar, uniq_jorgrun
D:14:     layout_cave_pods, kiku_gazebo_pond_becter,
          chequers_serial_rivers_micro_e, minmay_hedge_maze
D:15:     gammafunk_depths_entry_grave, layout_loops_ring, serial_glass,
          glass_columns_a, glass_columns_c
Lair:1:   layout_regular_city, grunt_megastairs_3
Lair:2:   layout_loops_ring, ice2_lemuel
Lair:3:   layout_cave_shapes, serial_rivers, chequers_serial_rivers_small_3,
          chequers_serial_rivers_micro_b, chequers_serial_rivers_micro_e,
          chequers_serial_rivers_marsh, chequers_serial_rivers_small_3,
          chequers_serial_rivers_small_3, grunt_megastairs_4
Lair:4:   layout_roguey, swamp_mist_pool, guppyfry_snake_entry_garden,
          tgw_fedhas
Lair:5:   layout_cave_shapes, minmay_slime_entry_jelly_boxes,
          chequers_serial_rivers_micro_a, lemuel_fruit_tree
Lair:6:   evilmike_catoblepas_cave, layout_hall_layers, wad_woods_river_01
Snake:1:  layout_rooms, grunt_ministairs_14, nicolae_snake_gridmaze_entwining,
          st_stairs_13, uniq_aizul, uniq_mlioglotl
Snake:2:  layout_misc_corridors
Snake:3:  nicolae_aizul_guard, layout_onion, serial_shops, nicolae_shop_trees,
          serial_bayou_shore_a, uniq_azrael, uniq_mara
Orc:1:    layout_caves, mines2_david, uniq_nergalle
Orc:2:    grunt_orc_community_town_hall, layout_diamond_mine,
          grunt_orc_community_big_house_2, grunt_orc_community_big_house_2,
          grunt_orc_community_house_3, grunt_orc_community_house_1,
          grunt_orc_community_house_1, grunt_orc_community_house_2,
          grunt_orc_community_house_3

Skill      XL: |  1  2  3  4  5  6  7  8  9 10 11 12 13 14 15 16 |
---------------+-------------------------------------------------+-----
Dodging        | 1 2 3 4 5 7 9 10 14 18 | 18.9
Polearms       | 4 5 6 9 10 | 10.0
Shields        | 4 7 10 13 14 15 | 15.0
Fighting       | 4 5 6 8 10 13 16 17 | 17.2
Short Blades   | 6 9 10 12 14 | 14.0
Evocations     | 3 5 7 9 10 11 | 11.8
Armour         | 4 5 7 |  7.0

Action                   |  1- 3 |  4- 6 |  7- 9 | 10-12 | 13-15 | 16-18 || total
-------------------------+-------+-------+-------+-------+-------+-------++-------
Melee: Trident           |   110 |   227 |   278 |       |       |       ||   615
       Club              |       |    25 |       |       |       |       ||    25
       Tailslap          |       |       |     1 |       |    23 |       ||    24
       Rapier            |       |       |   155 |   285 |  1322 |   126 ||  1888
       Spear             |       |       |     8 |   667 |   160 |       ||   835
       Quick blade       |       |       |       |       |   982 |   536 ||  1518
Invok: Berserk           |       |     1 |     6 |     7 |    26 |     7 ||    47
       Brothers in Arms  |       |       |     1 |     1 |       |     2 ||     4
       Trog's Hand       |       |       |     1 |       |       |       ||     1
Evoke: Wand              |       |       |     3 |    16 |    11 |     3 ||    33
  Use: Potion            |       |     1 |    11 |       |     3 |    11 ||    26
       Scroll            |       |       |     4 |     3 |    14 |     4 ||    25
 Stab: Petrifying        |       |       |       |       |     4 |       ||     4
       Petrified         |       |       |       |       |     4 |       ||     4
Armor: Scale mail        |    31 |    80 |    20 |       |       |       ||   131
       Skin              |       |       |    13 |       |       |       ||    13
       Leather armour    |       |       |    41 |       |       |    15 ||    56
       Ring mail         |       |       |    76 |    59 |       |    88 ||   223
       Chain mail        |       |       |       |   265 |   536 |    45 ||   846
       Crystal plate arm |       |       |       |    20 |    87 |       ||   107
Dodge: Dodged            |    39 |   127 |   215 |   395 |   452 |   282 ||  1510
Block: Buckler           |    20 |    50 |    92 |   195 |     3 |       ||   360
       Kite shield       |       |       |       |       |   815 |   265 ||  1080

Table legend: (Time is in decaauts)
 A = Elapsed time spent in this place.
 B = Non-inter-level travel time spent in this place.
 C = Inter-level travel time spent in this place.
 D = Time resting spent in this place.
 E = Time spent auto-exploring this place.
 F = Levels seen in this place.
 G = Mean time per level.
                   A        B        C        D        E       F      G
               +--------+--------+--------+--------+--------+-----+--------+
         Total |  47033 |  43531 |   3502 |  13151 |  23010 |  28 | 1679.8 |
       Dungeon |  23969 |  21725 |   2244 |   4864 |  13153 |  15 | 1597.9 |
          Lair |  11684 |  10938 |    746 |   3413 |   5941 |   6 | 1947.3 |
     Snake Pit |   5218 |   4943 |    275 |   2941 |   1283 |   3 | 1739.3 |
  Orcish Mines |   2913 |   2678 |    235 |    525 |   1582 |   2 | 1456.5 |
        Bailey |    491 |    491 |      0 |    192 |    158 |   1 |  491.0 |
      Ice Cave |   2756 |   2756 |      0 |   1214 |    893 |   1 | 2756.0 |
               +--------+--------+--------+--------+--------+-----+--------+

Top non-repeatable levels by time:
  Lair:6: 3033 daAuts
   IceCv: 2756 daAuts
    D:14: 2575 daAuts
 Snake:2: 2503 daAuts
 Snake:1: 2452 daAuts
     D:6: 2438 daAuts
  Lair:4: 2261 daAuts
    D:10: 2164 daAuts
     D:4: 2103 daAuts
   Orc:2: 2032 daAuts
  Lair:1: 2016 daAuts
     D:8: 1998 daAuts
    D:13: 1938 daAuts
    D:11: 1862 daAuts
  Lair:3: 1699 daAuts
